 Dungeon Crawl Stone Soup version 0.21.0-24-g2553a33 (webtiles) character file.

43 Mgcat the Chopper (level 3, 0/27 HPs)
             Began as a Demonspawn Skald on Jan 19, 2018.
             Succumbed to an adder's poison
             ... on level 2 of the Dungeon.
             The game lasted 00:02:29 (1464 turns).

Mgcat the Chopper (Demonspawn Skald)                Turns: 1464, Time: 00:02:30

Health: 0/27       AC:  8    Str: 12    XL:     3   Next: 37%
Magic:  3/6        EV:  5    Int: 14    God:
Gold:   74         SH:  4    Dex: 12    Spells: 5/6 levels left

rFire    . . .     SeeInvis .   a - +0 hand axe
rCold    . . .     Gourm    .   (no shield)
rNeg     . . .     Faith    .   f - +0 chain mail
rPois    .         Spirit   +   (no helmet)
rElec    .         Reflect  .   (no cloak)
rCorr    .         Harm     .   (no gloves)
MR       .....                  (no boots)
Stlth    ..........             (no amulet)
HPRegen  0.09/turn              (no ring)
MPRegen  0.10/turn              (no ring)

@: lethally poisoned (0 -> -3), very slightly contaminated, heavily drained
A: large bone plates 1, magic shield
a: no special abilities


You were on level 2 of the Dungeon.
You were not hungry.

You visited 1 branch of the dungeon, and saw 2 of its levels.

You collected 74 gold pieces.

Inventory:

Hand Weapons
 a - a +0 hand axe (weapon)
Armour
 f - a +0 chain mail (worn)
Jewellery
 i - an uncursed amulet of harm
Scrolls
 b - a scroll of magic mapping {unknown}
 g - a scroll of remove curse {unknown}
 j - a scroll of immolation {unknown}
Potions
 e - a potion of resistance {unknown}
Books
 c - a book of Battle

   Spells                             Type                      Level
   a - Infusion                       Charms                       1
   b - Shroud of Golubria             Charms/Translocation         2
   c - Song of Slaying                Charms                       2
   d - Spectral Weapon                Hexes/Charms                 3
   e - Regeneration                   Charms/Necromancy            3
Comestibles
 d - 6 rations
 h - a chunk of flesh


   Skills:
 - Level 2.1(0.6) Fighting
 + Level 3.1(1.5) Axes
 - Level 1.0(0.0) Armour
 - Level 1.9(0.4) Dodging
 - Level 2.1(0.5) Spellcasting
 - Level 2.7(1.1) Charms


You had 5 spell levels left.
You knew the following spells:

 Your Spells              Type           Power        Failure   Level  Hunger
a - Infusion              Chrm           #...         100%        1    ##.....


Dungeon Overview and Level Annotations

Branches:
Dungeon (2/15)

Altars:
Gozag


Innate Abilities, Weirdness & Mutations

You are partially covered in large bone plates. (SH +4)
When hurt, damage is shared between your health and your magic reserves.


Message History

* * * LOW HITPOINT WARNING * * *
You feel sick. The adder bites you but does no damage.
* * * LOW HITPOINT WARNING * * *
You feel sick.
* * * LOW HITPOINT WARNING * * *
You feel sick. The adder bites you but does no damage.
* * * LOW HITPOINT WARNING * * *
You feel sick. The adder barely misses you.
* * * LOW HITPOINT WARNING * * *
You feel sick. The adder bites you but does no damage.
* * * LOW HITPOINT WARNING * * *
You feel sick. The adder barely misses you.
The adder bites you but does no damage.
* * * LOW HITPOINT WARNING * * *
You feel sick. The adder barely misses you.
You die...

......# #.#
#.###..#####.# ...##.#
#.# #.# #........#
#.## # #.# #.#
##.####..# #.###.###.#
#.# #.# #..#
#.........# #.####.#
##..# ..###.#####
##.#....# #...#####
###
##....######.......#
###....)#...(........#
.......@..######.###.#
###...).### #.###.###
##...S########.##...##
##...a...........#...
###.##......###.<.##
#g##.###### ##.##
#.##.# #.# ##.##.#
##.### #..##.# #...(.


You could see a worker ant, an adder and a hobgoblin.

Vanquished Creatures
  An adder (D:2)
  An ooze (D:2)
  A leopard gecko (D:2)
  6 bats
  A giant cockroach (D:2)
  3 hobgoblins
  2 jackals (D:2)
  5 kobolds
  2 frilled lizards
  4 goblins
  A rat (D:1)
27 creatures vanquished.

Notes
Turn   | Place    | Note
-------+----------+-------------------------------------------
     0 | D:1      | Mgcat the Demonspawn Skald began the quest for the Orb.
     0 | D:1      | Reached XP level 1. HP: 16/16 MP: 3/3
    55 | D:1      | Reached skill level 1 in Armour
   288 | D:1      | Gained mutation: You are partially covered in large bone plates. (SH +4) [demonic ancestry]
   288 | D:1      | Reached XP level 2. HP: 21/22 MP: 5/5
   380 | D:1      | Reached skill level 2 in Axes
  1132 | D:2      | Gained mutation: When hurt, damage is shared between your health and your magic reserves. [demonic ancestry]
  1132 | D:2      | Reached XP level 3. HP: 25/27 MP: 6/6
  1234 | D:2      | Found an opulent altar of Gozag.
  1324 | D:2      | Reached skill level 3 in Axes
  1456 | D:2      | HP: 1/27 [poisoned by an adder]
  1464 | D:2      | Succumbed to an adder's poison

Skill      XL: |  1  2  3 |
---------------+----------+-----
Armour         | 1 |  1.0
Axes           | 2 3 |  3.1
Fighting       | |  2.1
Dodging        | |  1.9
Spellcasting   | |  2.1
Charms         | |  2.7

Action                   || total
-------------------------++-------
Melee: Hand axe          ||    99
 Cast: Infusion          ||     1
  Eat: Chunk             ||     2
Armor: Leather armour    ||    10
       Chain mail        ||    65
Dodge: Dodged            ||    52
Block: Other             ||    34
